 Seeded DCSS version 0.30-a0-702-gdf48620a09 (webtiles) character file.

Game seed: 16626772761147682701 (custom seed)

1973 hikkokomori the Firebug (level 9, -2/55 HPs)
             Began as a Gargoyle Fire Elementalist on Jan 22, 2023.
             Was an Initiate of Gozag.
             Slain by a yak (7 damage)
             ... on level 6 of the Dungeon.
             The game lasted 00:14:48 (7869 turns).

hikkokomori the Firebug (GrFE)                      Turns: 7869, Time: 00:14:49

Health: -2/55      AC:  8    Str: 12    XL:     9   Next: 20%
Magic:  1/24       EV: 11    Int: 20    God:    Gozag
Gold:   1813       SH:  5    Dex: 10    Spells: 9/16 levels left

rFire   . . .      SeeInvis +    e - +0 trident
rCold   x . .      Faith    .    J - +0 buckler
rNeg    + . .      Spirit   .    v - +0 robe of Weirdness {rC- MP+9 SInv}
rPois   ∞          Reflect  .    (no helmet)
rElec   +          Harm     .    H - scarf {+Inv}
rCorr   .          Rampage  .    (no gloves)
Will    .....                    (no boots)
Stlth   ++                       i - amulet of regeneration
HPRegen 1.09/turn                u - ring of see invisible
MPRegen 0.19/turn                (no ring)

@: gold aura
A: sickness immunity, AC +6, negative energy resistance 1, electricity
resistance, torment resistance 1, petrification resistance
a: Renounce Religion, Evoke Invisibility, Potion Petition, Call Merchant, Bribe
Branch


You were on level 6 of the Dungeon.
You worshipped Gozag.
Gozag was most pleased with you.
You visited 2 branches of the dungeon, and saw 7 of its levels.
You also visited: Sewer and Ossuary.

You collected 1860 gold pieces.
You paid 47 gold pieces to Gozag.

Inventory:

Hand Weapons
 e - a +0 trident (weapon)
 m - a +0 morningstar
Armour
 a - a +0 robe
 l - a +2 kite shield of reflection
 v - the +0 robe of Weirdness (worn) {rC- MP+9 SInv}
   (You found it on level 5 of the Dungeon)

   rC:        It makes you vulnerable to cold.
   MP:        It affects your magic capacity (+9).
   SInv:      It lets you see invisible.
 H - a scarf of invisibility (worn)
 J - a +0 buckler (worn)
Jewellery
 i - an amulet of regeneration (around neck)
 u - a ring of see invisible (left hand)
Wands
 h - a wand of flame (25)
 s - a wand of acid (5)
Scrolls
 c - 2 scrolls of amnesia
 j - a scroll of fog
 k - a scroll of silence
 o - a scroll of enchant weapon {unknown}
 r - 3 scrolls of teleportation
 t - 2 scrolls of enchant armour {unknown}
 w - a scroll of torment {unknown}
 y - 3 scrolls of identify
 A - a scroll of poison {unknown}
 B - 3 scrolls of noise {unknown}
 G - a scroll of magic mapping {unknown}
 I - a scroll of immolation {unknown}
Potions
 b - 2 potions of magic
 d - a potion of mutation
 f - 4 potions of cancellation
 g - 3 potions of haste {unknown}
 n - 7 potions of heal wounds {unknown}
 p - 2 potions of ambrosia
 q - 2 potions of might
 x - a potion of attraction {unknown}
 z - 3 potions of curing {unknown}
 C - 2 potions of flight {unknown}
 D - a potion of brilliance {unknown}
 E - a potion of lignification {unknown}
 F - 2 potions of degeneration {unknown}


   Skills:
 + Level 6.0 Fighting
 - Level 1.5 Dodging
 - Level 2.1 Stealth
 + Level 5.2 Shields
 - Level 4.2 Spellcasting
 + Level 6.1 Conjurations
 + Level 6.3 Fire Magic


You had 9 spell levels left.
You knew the following spells:

 Your Spells              Type           Power      Damage    Failure   Level
a - Foxfire               Conj/Fire      100%       2x1d9     1%          1
b - Scorch                Fire           58%        2d7       1%          2
c - Flame Wave            Conj/Fire      29%        2d9       12%         4

Your spell library contained the following spells:

 Spells                   Type           Power      Damage    Failure   Level
 Inner Flame              Hex/Fire       17%        N/A       13%         3
 Slow                     Hex            16%        N/A       16%         1
 Kindle Blastsparks       Fire/Tloc/Air  24%        2d12      21%         3
 Fireball                 Conj/Fire      14%        3d8       32%         5
 Confusing Touch          Hex            4%         N/A       43%         3
 Vampiric Draining        Necr           4%         2d6       43%         3
 Irradiate                Conj/Tmut      8%         3d14      77%         5
 Petrify                  Tmut/Erth      4%         N/A       85%         4
 Starburst                Conj/Fire      14%        6d6       88%         6
 Sublimation of Blood     Necr           Unusable   N/A       N/A         2

Dungeon Overview and Level Annotations

Branches:
Dungeon (6/15)             Temple (1/1) D:5           Sewer (visited)
Ossuary (visited)

Altars:
Ashenzari
Dithmenos
Elyvilon
Fedhas
Gozag
Hepliaklqana
Kikubaaqudgha
Nemelex Xobeh
Qazlal
Ru
Sif Muna
Uskayaw
Vehumet
Wu Jian
Xom
Zin
The Shining One

Shops:
D:1 ?=?=


Innate Abilities, Weirdness & Mutations

You are immune to sickness and miasma.
Your stone body is resilient. (AC +6)
You are immune to poison.
You resist negative energy. (rN+)
You are resistant to electric shocks. (rElec)
You are resistant to unholy torment.
You are immune to petrification.


Message History

Confirm with . or Enter, or press ? or * to list all spells.
Casting: Flame Wave (dangerous; 14% risk of failure)
Press: ? - help, Dir - look around, f - activate A wave of flame ripples out!
The flame wave engulfs the yak!
You kill the yak! (Press . to intensify the flame waves.)
Your Shields skill increases to level 5!
Your Conjurations skill increases to level 6!
Unknown command.
A wave of flame ripples out!
The flame wave engulfs the yak.
The yak is severely wounded.
The flame wave engulfs the yak!
The yak is severely wounded.
The yak gores you.
* * * LOW HITPOINT WARNING * * *
The yak closely misses you.
Unknown command.
A wave of flame ripples out!
The flame wave engulfs the yak!
You kill the yak!
The flame wave engulfs the yak!
The yak is almost dead.
You finish channelling waves of flame.
The yak gores you.
* * * LOW HITPOINT WARNING * * *
Your Fighting skill increases to level 6!
Unknown command.
Casting: Flame Wave (dangerous; 12% risk of failure)
Confirm with . or Enter, or press ? or * to list all spells.
Flames lash the yak.
The yak is almost dead.
The yak's fire resistance burns away.
You block the yak's attack.
Casting: Scorch (safe; 1% risk of failure)
Confirm with . or Enter, or press ? or * to list all spells.
Okay, then.
You hit the yak.
The yak is almost dead.
The yak gores you.
* * * LOW HITPOINT WARNING * * *
The yak gores you!
You die...
Your body crumbles into a pile of gold.

#.......# #.##.......####..
#.....#.# ##.##.......##....
#...###.### #..'.........'.#.#
#...#☼...☼# #.##.........###..
##..#.....####.#...........###+
##...._....#..###.......#####.
###.....#...##.#'#...#'#.#...
#§...☼###.##...#####...##..
###.####..@$.....#......'..
#..# #.##Y.....#......##. ##.#
#.#.......#.......#.
#.###.#.......'.......##
#.....#.......#.......#.
####.###......#......##.
#.##'......#......'..
#..###..$#####...##.. ##..#
#.#'# #+#.#...


You could see a yak (combustible).

Vanquished Creatures
  3 yaks (D:6)
  Menkaure (D:6)
  An ice beast (D:6)
  2 ogres
  2 phantoms (D:5)
  2 necrophages (D:5)
  A hound (D:5)
  A human zombie (D:6)
  A gnoll bouda (D:4)
  An orc priest (D:3)
  A jelly (D:5)
  Jessica (D:3)
  6 iguanas
  An orc wizard (D:5)
  Ijyb (D:5)
  8 mummies (Ossuary)
  2 gnolls
  9 adders
  11 river rats (Sewer)
  4 white imps
  3 ufetubi
  7 worms
  5 dart slugs
  13 orcs
  9 ball pythons
  4 endoplasms
  A giant cockroach (D:1)
  7 goblins
  6 hobgoblins
  6 quokkas
  8 bats
  4 frilled lizards
  25 kobolds
  6 kobold zombies
  3 orc zombies (Ossuary)
  25 rats
191 creatures vanquished.

Vanquished Creatures (others)
  41 foxfires
41 creatures vanquished.

Grand Total: 232 creatures vanquished

Notes
Turn   | Place    | Note
-------+----------+-------------------------------------------
     0 | D:1      | hikkokomori the Gargoyle Fire Elementalist began the quest
                  | for the Orb.
     0 | D:1      | Reached XP level 1. HP: 10/10 MP: 3/3
   233 | D:1      | Found Cisuitt's Jewellery Shoppe.
   237 | D:1      | Reached XP level 2. HP: 16/16 MP: 5/5
   241 | D:1      | Learned a level 2 spell: Scorch
   290 | D:1      | Found Nipnul's Magic Scroll Shoppe.
   551 | D:1      | Found Anoemu's Jewellery Boutique.
   553 | D:1      | Reached skill level 1 in Fighting
   639 | D:1      | Found Adodeff's Magic Scroll Boutique.
   780 | D:2      | Reached XP level 3. HP: 11/20 MP: 1/6
   933 | D:2      | Identified a scroll of acquirement
   933 | D:2      | Acquired 1036 gold pieces
  1204 | D:2      | Reached XP level 4. HP: 26/26 MP: 2/7
  1271 | D:2      | Found a shadowy altar of Dithmenos.
  2198 | D:3      | Noticed Jessica
  2235 | D:3      | Killed Jessica
  2236 | D:3      | Reached XP level 5. HP: 15/30 MP: 2/9
  2411 | D:3      | Acquired a +2 kite shield of reflection
  2692 | D:4      | Found a white marble altar of Elyvilon.
  2979 | D:4      | Found a glowing drain.
  2984 | Sewer    | Entered a sewer
  3224 | Sewer    | Reached XP level 6. HP: 30/36 MP: 5/10
  3228 | Sewer    | Reached skill level 1 in Shields
  3235 | Sewer    | Learned a level 4 spell: Flame Wave
  4764 | D:4      | Reached XP level 7. HP: 41/41 MP: 3/12
  5015 | D:5      | Entered Level 5 of the Dungeon
  5070 | D:5      | Found a staircase to the Ecumenical Temple.
  5126 | Temple   | Entered the Ecumenical Temple
  5319 | Temple   | Became a worshipper of Gozag Ym Sagoz the Greedy
  5410 | D:5      | Noticed Ijyb
  5417 | D:5      | Killed Ijyb
  5577 | D:5      | Reached skill level 5 in Fire Magic
  5577 | D:5      | Reached XP level 8. HP: 34/48 MP: 1/14
  5693 | D:5      | Identified the +0 robe of Weirdness {rC- MP+9 SInv}
  5820 | D:5      | Found an ornate altar of the Wu Jian Council.
  6234 | D:5      | Found a sparkling altar of Nemelex Xobeh.
  6394 | D:6      | Found a sand-covered staircase.
  6485 | Ossuary  | Entered an ossuary
  6501 | Ossuary  | Reached skill level 5 in Conjurations
  6892 | D:6      | Reached skill level 5 in Fighting
  6914 | D:6      | Found a shimmering blue altar of Sif Muna.
  7160 | D:6      | Noticed Menkaure
  7164 | D:6      | Killed Menkaure
  7390 | D:6      | Found a stormy altar of Qazlal.
  7447 | D:6      | Noticed a yak
  7447 | D:6      | Noticed a yak
  7447 | D:6      | Noticed a yak
  7447 | D:6      | Noticed a yak
  7850 | D:6      | Killed a yak
  7851 | D:6      | Reached XP level 9. HP: 54/54 MP: 12/15
  7866 | D:6      | Reached skill level 5 in Shields
  7869 | D:6      | Slain by a yak

Illustrated notes

Levels and vault maps discovered:
D:1:      dpeg_arrival_chambers_temple_mockup, layout_basic, serial_shops, shop,
          shop, shop, nicolae_lakefront_shop
D:2:      layout_rooms, basic_altar
D:3:      layout_basic, pf_guarded_unrand_woodcutter, uniq_jessica
D:4:      minmay_thick_lines, layout_basic, elyvilon_altar_5,
          gup_sewer_entry_bowl
D:5:      minmay_bubble_buster, layout_cave_pools, nicolae_wu_jian_wuxing_cycle,
          mainiacjoe_overflow_alcove_1, minmay_temple_entry_slanted,
          serial_column_ruins, column_ruins_hut_ruined, column_ruins_open_tiny,
          column_ruins_open_medium, column_ruins_columns_T,
          column_ruins_columns_straight, column_ruins_columns_corner,
          kennysheep_pointless_box, uniq_ijyb
D:6:      nicolae_cairo_tiling_very_big, layout_basic, marbit_many_paths,
          grunt_qazlal_clouds, enter_ossuary_3, uniq_menkaure
Temple:   jpeg_temple_clearing

Skill      XL: |  1  2  3  4  5  6  7  8  9 |
---------------+----------------------------+-----
Fighting       | 1 2 3 4 5 6 |  6.0
Conjurations   | 2 3 4 5 6 |  6.1
Spellcasting   | 3 4 |  4.2
Fire Magic     | 4 5 6 |  6.3
Shields        | 1 3 4 5 |  5.2
Dodging        | |  1.5
Stealth        | |  2.1

Action                   |  1- 3 |  4- 6 |  7- 9 || total
-------------------------+-------+-------+-------++-------
Melee: Trident           |   138 |   172 |    37 ||   347
       Punch             |     1 |       |       ||     1
 Cast: Foxfire           |     8 |    16 |     1 ||    25
       Scorch            |     5 |    65 |    65 ||   135
       Flame Wave        |       |     2 |     8 ||    10
Evoke: Wand              |       |     2 |     5 ||     7
  Use: Scroll            |     6 |     3 |     2 ||    11
       Potion            |       |     1 |       ||     1
 Stab: Sleeping          |     3 |     2 |       ||     5
       Distracted        |       |     1 |       ||     1
Armor: Robe              |    58 |    62 |    29 ||   149
Dodge: Dodged            |    89 |   117 |    54 ||   260
Block: Buckler           |       |       |     1 ||     1

Table legend: (Time is in decaauts)
 A = Elapsed time spent in this place.
 B = Non-inter-level travel time spent in this place.
 C = Inter-level travel time spent in this place.
 D = Time resting spent in this place.
 E = Time spent auto-exploring this place.
 F = Levels seen in this place.
 G = Mean time per level.
                   A        B        C        D        E       F      G
               +--------+--------+--------+--------+--------+-----+--------+
         Total |   7981 |   7675 |    306 |    442 |   5749 |   9 |  886.8 |
       Dungeon |   6360 |   6180 |    180 |    246 |   4854 |   6 | 1060.0 |
        Temple |    209 |     83 |    126 |      0 |     71 |   1 |  209.0 |
         Sewer |   1080 |   1080 |      0 |    196 |    570 |   1 | 1080.0 |
       Ossuary |    331 |    331 |      0 |      0 |    253 |   1 |  331.0 |
               +--------+--------+--------+--------+--------+-----+--------+

Top non-repeatable levels by time:
     D:4: 1375 daAuts
     D:3: 1214 daAuts
     D:5: 1174 daAuts
     D:6: 1148 daAuts
   Sewer: 1080 daAuts
     D:2: 762 daAuts
     D:1: 685 daAuts
 Ossuary: 331 daAuts
  Temple: 209 daAuts
